AoeStats
← iqks3264

Arabia

510517975Analyzed
1v1 RM · 1d ago on Oct 1, 2026· 46m 25s· 2 players
Game mode
Random Map
Map size
Tiny (2 player)
Population
200
Speed
Normal
Resources
Standard
Victory
Conquest
Starting age
Dark Age
Ending age
Imperial Age
RankedLock teamsTeams togetherTeam positionsShared explorationLock speedFull tech treeHidden civsTurbo modeCheats
Victory
Defeat
🇬🇧 Turks · United Kingdom
759
+12
🇮🇳 Chinese · India
678
-17
iqks3264
1:29 Loom
10:58 Feudal Age
11:27 Double-Bit Axe
12:12 Horse Collar
15:05 Wheelbarrow
18:35 Castle Age
17:55 Stone Mining
19:14 Padded Archer Armor
19:05 Fletching
19:07 Crossbowman
23:19 Stone Shaft Mining
23:33 Heavy Plow
24:37 Leather Archer Armor
24:47 Bodkin Arrow
26:56 Wheelbarrow
30:04 Scale Barding Armor
33:42 Bow Saw
34:29 Bloodlines
36:29 Gold Mining
37:12 Hand Cart
42:58 Imperial Age
42:46 Chain Barding Armor
liampmccabe
10:12 Feudal Age
8:28 Loom
10:41 Double-Bit Axe
11:03 Horse Collar
17:55 Castle Age
19:55 Gold Mining
25:47 Fletching
25:58 Padded Archer Armor
33:05 Wheelbarrow
34:09 Hand Cart
34:41 Bodkin Arrow
34:56 Forging
34:47 Scale Mail Armor
34:56 Scale Barding Armor
39:16 Imperial Age
40:17 Cavalier
40:58 Husbandry
41:09 Bloodlines
42:35 Bow Saw
43:20 Gold Shaft Mining
Connection lost

Rejoining the realm…

Still unreachable

The connection could not be restored.

Session expired

The server has moved on; the page needs a fresh start.